 Dungeon Crawl Stone Soup version 0.28.0-53-g5a82cb258f (webtiles) character file.

Game seed: 7181252975950536954

140 Kranky the Skirmisher (level 5, 0/38 HPs)
             Began as an Octopode Fighter on June 23, 2022.
             Shot with an arrow by a centaur (11 damage)
             ... on level 5 of the Dungeon.
             The game lasted 00:03:51 (2093 turns).

Kranky the Skirmisher (Octopode Fighter)            Turns: 2093, Time: 00:03:52

Health: 0/38       AC:  1    Str: 15    XL:     5   Next: 22%
Magic:  5/5        EV: 13    Int: 11    God:
Gold:   74         SH:  4    Dex: 13    Spells: 4/4 levels left

rFire   . . .      SeeInvis .   a - +0 flail
rCold   . . .      Faith    .   b - +0 buckler
rNeg    . . .      Spirit   .   (helmet restricted)
rPois   .          Reflect  .   (no amulet)
rElec   .          Harm     .   g - ring of wizardry
rCorr   .          Rampage  .   (no ring)
Will    .....                   (no ring)
Stlth   +++.......              (no ring)
HPRegen 0.12/turn               (no ring)
MPRegen 0.09/turn               (no ring)
                                (no ring)
                                (no ring)

@: no status effects
A: almost no armour, amphibious, 8 rings, camouflage 1, gelatinous body 1,
(nimble swimmer 1), tentacles
a: no special abilities


You were on level 5 of the Dungeon.
You visited 1 branch of the dungeon, and saw 4 of its levels.

You collected 74 gold pieces.

Inventory:

Hand Weapons
 a - a +0 flail (weapon)
Missiles
 i - 89 stones (quivered)
Armour
 b - a +0 buckler (worn)
Jewellery
 g - a ring of wizardry (left tentacle)
Scrolls
 e - a scroll of noise {unknown}
 j - a scroll of identify {unknown}
Potions
 c - a potion of might
 d - a potion of magic {unknown}
 f - a potion of curing {unknown}
 h - a potion of attraction {unknown}
 k - a potion of lignification {unknown}
 l - a potion of mutation {unknown}


   Skills:
 + Level 4.9 Fighting
 - Level 2.0 Maces & Flails
 - Level 3.0 Dodging
 - Level 4.0 Stealth
 - Level 3.0 Shields


You had 4 spell levels left.
You didn't know any spells.
Your spell library contained the following spells:

 Spells                   Type           Power      Damage    Failure   Level
 Sandblast                Erth           0%         2d4       19%         1
 Alistair's Intoxication  Tmut/Pois      0%         N/A       99%         5
 Borgnjor's Vile Clutch   Necr/Erth      0%         N/A       99%         5
 Eringya's Noxious Bog    Tmut/Pois      0%         N/A       100%        6


Dungeon Overview and Level Annotations

Branches:
Dungeon (3/15)

Altars:

Annotations:
D:5 1 transporter


Innate Abilities, Weirdness & Mutations

You cannot wear most types of armour.
You are amphibious.
You can wear up to eight rings at the same time.
Your skin changes colour to match your surroundings (Stealth+).
Your rubbery body absorbs attacks. (AC +1, EV +1)
((You are camouflaged when in or above water. (Stealth+)))
You have tentacles for arms and can constrict up to eight enemies at once.


Message History

You hit the centaur.
You kill the centaur!
Training target 4.0 for Stealth reached!
Your Stealth skill increases to level 4!
You have reached level 5!
You feel clever.
You start resting.
An ogre comes into view. It is wielding a +0 giant club.
Things that are here:
a +0 shortbow; 15 arrows; a centaur corpse You open the door.
There is an open door here.
You close the door.
You start resting.
An ogre is nearby!
You start resting.
An ogre is nearby!
You open the door.
The ogre shouts!
There is an open door here.
You close the door.
An ogre opens the door.
Things that are here:
a +0 shortbow; 15 arrows; a centaur skeleton
Found a fuming inky potion.
Found a stone staircase leading down.
Found a transporter.
Found 4 poisoned darts.
A centaur comes into view.
The centaur shouts!
You hear a shout!
The centaur wields a +0 shortbow.
The centaur shoots an arrow.
The arrow hits you!
The centaur shoots an arrow.
The arrow hits you!
You hear a shout!
The centaur shoots an arrow.
The arrow hits you!
The centaur shoots an arrow.
The arrow hits you.
* * * LOW HITPOINT WARNING * * *
A hound comes into view.
The centaur shoots an arrow.
The arrow misses you.
The centaur shoots an arrow.
The arrow hits you!
You die...

#..........# ##
##..........#
...###....########
#(#......#
..##...O.#####
##.......c..
##.........
#...#####. #@..#
#...## .....#
.......#
#.h.##.### #+## #.
#. #.


You could see an ogre, a centaur and a hound (asleep).

Vanquished Creatures
  A centaur (D:5)
  3 dart slugs
  5 ball pythons
  7 bats
  4 endoplasms
  A giant cockroach (D:1)
  8 goblins
  5 hobgoblins
  2 jackals (D:1)
  A quokka (D:1)
  6 frilled lizards
  4 kobolds
  A rat (D:1)
48 creatures vanquished.

Notes
Turn   | Place    | Note
-------+----------+-------------------------------------------
     0 | D:1      | Kranky the Octopode Fighter began the quest for the Orb.
     0 | D:1      | Reached XP level 1. HP: 16/16 MP: 1/1
    77 | D:1      | Reached skill level 1 in Stealth
   144 | D:1      | Reached XP level 2. HP: 15/21 MP: 2/2
   536 | D:1      | Found a faded altar of an unknown god.
   539 | D:1      | Got Plato's Papyrus of the Rocks
   576 | D:1      | Reached XP level 3. HP: 26/26 MP: 3/3
  1722 | D:3      | Reached XP level 4. HP: 33/33 MP: 4/4
  1825 | D:3      | You fall into a shaft and drop 2 floors!
  1825 | D:5      | Entered Level 5 of the Dungeon
  1832 | D:5      | Noticed a necrophage
  1845 | D:5      | Noticed a centaur
  1854 | D:5      | Killed a centaur
  1855 | D:5      | Reached XP level 5. HP: 6/38 MP: 5/5
  2039 | D:5      | Noticed an ogre
  2082 | D:5      | Found a transporter.
  2089 | D:5      | Noticed a centaur
  2093 | D:5      | Shot with an arrow by a centaur

Illustrated notes

Levels and vault maps discovered:
D:1:      dpeg_arrival_court, layout_rooms, shapermc_ecumenical_altar_rom_forum,
          hangedman_decor_points, minmay_misc_feat_iff, minmay_crystal_room
D:2:      layout_loops_ring, minmay_strange_pillars
D:3:      layout_loops_cross
D:5:      layout_basic, gammafunk_ghost_abyssal_escape, kennysheep_small_spiral

Skill      XL: |  1  2  3  4 |
---------------+-------------+-----
Stealth        | 1 2 3 4 |  4.0
Fighting       | 4 |  4.9
Maces & Flails | |  2.0
Dodging        | |  3.0
Shields        | |  3.0

Action                   |  1- 3 |  4- 6 || total
-------------------------+-------+-------++-------
Melee: Flail             |    77 |    10 ||    87
       Constrict         |    23 |     3 ||    26
       Tentacles         |    13 |     2 ||    15
       Punch             |     1 |       ||     1
 Stab: Distracted        |     1 |       ||     1
       Sleeping          |     8 |       ||     8
Armor: Skin              |     5 |     1 ||     6
Dodge: Dodged            |    46 |    11 ||    57
Block: Buckler           |    16 |     2 ||    18
